 Dungeon Crawl Stone Soup version 0.23-a0-516-g0f8c245 (webtiles) character file.

40 Leeroy the Charmwright (level 3, 0/31 HPs)
             Began as a Gnoll Skald on Dec 5, 2018.
             Slain by a gnoll
             ... wielding a +0 whip
              (2 damage)
             ... on level 2 of the Dungeon.
             The game lasted 00:03:03 (816 turns).

Leeroy the Charmwright (Gnoll Skald)                 Turns: 816, Time: 00:03:04

Health: 0/31       AC:  3    Str: 19    XL:     3   Next: 50%
Magic:  3/9        EV: 14    Int: 15    God:
Gold:   25         SH:  0    Dex: 14    Spells: 1/12 levels left

rFire    . . .     SeeInvis .   a - +0 falchion
rCold    . . .     Gourm    .   (no shield)
rNeg     . . .     Faith    .   b - +0 leather armour
rPois    .         Spirit   .   (no helmet)
rElec    .         Reflect  .   (no cloak)
rCorr    .         Harm     .   (no gloves)
MR       .....                  (no boots)
Stlth    +.........             (no amulet)
HPRegen  0.10/turn              (no ring)
MPRegen  0.11/turn              (no ring)

@: mighty, very slightly contaminated, invisible
A: distributed training, fangs 1, strong nose
a: no special abilities


You were on level 2 of the Dungeon.
You were not hungry.

You visited 1 branch of the dungeon, and saw 2 of its levels.

You collected 25 gold pieces.

Inventory:

Hand Weapons
 a - a +0 falchion (weapon)
 f - a +0 short sword
 g - a +0 spear
 j - a +0 dagger
 m - a +0 hand axe
Missiles
 c - 21 sling bullets
 e - 82 stones (quivered)
 i - 20 bolts
 n - 28 arrows
Armour
 b - a +0 leather armour (worn)
Scrolls
 k - a scroll of immolation {unknown}
Potions
 o - a potion of invisibility
Comestibles
 d - 2 rations


   Skills:
 + Level 4.5 Fighting
 + Level 0.8 Short Blades
 + Level 4.5 Long Blades
 + Level 0.8 Axes
 + Level 0.8 Maces & Flails
 + Level 0.8 Polearms
 + Level 0.8 Staves
 + Level 0.8 Slings
 + Level 0.8 Bows
 + Level 0.8 Crossbows
 + Level 0.8 Throwing
 + Level 2.6 Armour
 + Level 4.5 Dodging
 + Level 0.8 Stealth
 + Level 0.8 Shields
 + Level 0.8 Unarmed Combat
 + Level 5.0 Spellcasting
 + Level 0.5 Conjurations
 + Level 0.5 Hexes
 + Level 5.4 Charms
 + Level 0.5 Summonings
 + Level 0.5 Necromancy
 + Level 0.5 Translocations
 + Level 0.5 Transmutations
 + Level 0.5 Fire Magic
 + Level 0.5 Ice Magic
 + Level 0.5 Air Magic
 + Level 0.5 Earth Magic
 + Level 0.5 Poison Magic
 + Level 1.0 Invocations
 + Level 0.8 Evocations


You had one spell level left.
You knew the following spells:

 Your Spells              Type           Power        Failure   Level  Hunger
a - Infusion              Chrm           ###.         1%          1    None
b - Song of Slaying       Chrm           ###.....     3%          2    ##.....
c - Shroud of Golubria    Chrm/Tloc      ##........   9%          2    ##.....
d - Regeneration          Chrm/Necr      ##........   17%         3    ###....
e - Spectral Weapon       Hex/Chrm       ##......     17%         3    ###....

Your spell library contained the following spells:

 Spells                   Type           Power        Failure   Level  Hunger


Dungeon Overview and Level Annotations

Branches:
Dungeon (2/15)

Altars:
Ashenzari


Innate Abilities, Weirdness & Mutations

Your experience applies equally to all skills.
You have very sharp teeth.
Your uncanny sense of smell can sniff out nearby items.


Message History

The gnoll hits your spectral weapon with a +0 whip!
Your spectral weapon shares its damage with you!
* * * LOW HITPOINT WARNING * * *
The gnoll completely misses your spectral weapon.
The gnoll hits your spectral weapon with a +0 spear.
Your spectral weapon shares its damage with you!
* * * LOW HITPOINT WARNING * * *
Your skin stops crawling.
You open the door.
The gnoll barely misses your spectral weapon.
Found a shattered altar of Ashenzari.
Your spectral weapon fades away.
There is an open door here.
There is a shattered altar of Ashenzari here.
It was a potion of might.
You feel very mighty all of a sudden.
You hit the gnoll.
The gnoll is severely wounded.
The gnoll hits you with a +0 whip.
You die...

∆ #######
.####.....###
............#
............##
......###....#
......#@#....#
......#g#....#
###########K#
####
..........#.#
..........g.#
..........###
........)(#
........(.#
..........#


You could see 2 gnolls and a kobold.

Vanquished Creatures
  2 oozes (D:1)
  A leopard gecko (D:1)
  A giant cockroach (D:1)
  4 goblins (D:1)
  7 hobgoblins
  2 bats (D:1)
  3 frilled lizards (D:1)
  7 kobolds (D:1)
  3 rats (D:1)
30 creatures vanquished.

Notes
Turn   | Place    | Note
-------+----------+-------------------------------------------
     0 | D:1      | Leeroy the Gnoll Skald began the quest for the Orb.
     0 | D:1      | Reached XP level 1. HP: 20/20 MP: 6/6
    70 | D:1      | Reached XP level 2. HP: 19/26 MP: 7/7
    93 | D:1      | Learned a level 2 spell: Song of Slaying
    96 | D:1      | Learned a level 2 spell: Shroud of Golubria
   318 | D:1      | Reached XP level 3. HP: 14/31 MP: 9/9
   332 | D:1      | Learned a level 3 spell: Regeneration
   336 | D:1      | Learned a level 3 spell: Spectral Weapon
   413 | D:1      | Reached skill level 5 in Spellcasting
   799 | D:2      | Reached skill level 1 in Invocations
   805 | D:2      | HP: 1/31 [gnoll/+0 whip (8)]
   812 | D:2      | Found a shattered altar of Ashenzari.
   816 | D:2      | Slain by a gnoll

Vault maps used:
D:1:      lemuel_arrival_broad_hall
D:2:      kennysheep_ying_yang, ashenzari_conservatory_becter,
          serial_corexii_hall, chequers_hall_statues_y, corexii_hall_statues_x,
          corexii_hall_statues_s, hangedman_decor_slide_cut

Skill      XL: |  1  2  3 |
---------------+----------+-----
Spellcasting   | 5 |  5.0
Invocations    | 1 |  1.0
Fighting       | |  4.5
Short Blades   | |  0.8
Long Blades    | |  4.5
Axes           | |  0.8
Maces & Flails | |  0.8
Polearms       | |  0.8
Staves         | |  0.8
Slings         | |  0.8
Bows           | |  0.8
Crossbows      | |  0.8
Throwing       | |  0.8
Armour         | |  2.6
Dodging        | |  4.5
Stealth        | |  0.8
Shields        | |  0.8
Unarmed Combat | |  0.8
Conjurations   | |  0.5
Hexes          | |  0.5
Charms         | |  5.4
Summonings     | |  0.5
Necromancy     | |  0.5
Translocations | |  0.5
Transmutations | |  0.5
Fire Magic     | |  0.5
Ice Magic      | |  0.5
Air Magic      | |  0.5
Earth Magic    | |  0.5
Poison Magic   | |  0.5
Evocations     | |  0.8

Action                   || total
-------------------------++-------
Melee: Falchion          ||    76
       Bite              ||     3
 Cast: Regeneration      ||     1
       Shroud of Golubri ||     1
       Spectral Weapon   ||     1
  Use: Potion            ||     2
 Stab: Sleeping          ||     1
Armor: Leather armour    ||    19
Dodge: Dodged            ||    73
       Rpst.: Falchion   ||    19

Table legend:
 A = Non-vault XP
 B = Vault XP
 C = Vault XP percentage of total XP
 D = Non-vault monster count
 E = Vault monster count
 F = Vault count percentage of total count
                 A         B        C        D         E       F
            +---------+---------+-------+---------+---------+-------
      Total |      58 |       0 |   0.0 |      30 |       0 |   0.0
            +---------+---------+-------+---------+---------+-------
        D:1 |      56 |       0 |   0.0 |      29 |       0 |   0.0
        D:2 |       2 |       0 |   0.0 |       1 |       0 |   0.0
            +---------+---------+-------+---------+---------+-------
